 Dungeon Crawl Stone Soup version 0.16-a0-778-g0731923 (console) character file.

1418 Kellhus the Conjurer (level 9, 57/57 HPs)
             Began as a Human Wizard on Sept 25, 2014.
             Quit the game on Level 5 of the Dungeon.
             The game lasted 00:11:37 (6537 turns).

Kellhus the Conjurer (Human Wizard)                 Turns: 6537, Time: 00:11:37

HP  57/57        AC 10     Str  9      XL: 9   Next:  2%
MP  30/30        EV 15     Int 21      God:
Gold 272         SH  0     Dex 11      Spells:  5 memorised,  7 levels left

rFire  . . .     SeeInvis .     a - +3 long sword (protect)
rCold  . . .     Clarity  .     F - +0 robe (curse)
rNeg   . . .     rCorr    .     (no shield)
rPois  .         rRot     .     C - +0 hat
rElec  .         Spirit   .     J - +0 cloak
SustAb .         Warding  .     v - +1 pair of gloves
rMut   .         Stasis   .     (no boots)
Gourm  .                        (no amulet)
MR     .....                    K - +3 ring of evasion
                                B - ring of magical power

@: not resistant to hostile enchantments, unstealthy
A: no striking features
a: no special abilities


You were on level 5 of the Dungeon.
You were hungry.

You visited 1 branch of the dungeon, and saw 5 of its levels.

You collected 272 gold pieces.

Inventory:

Hand weapons
 a - a +3 long sword of protection (weapon)
 b - a +0 blowgun
Missiles
 E - 25 poisoned needles
Armour
 v - a +1 pair of gloves (worn)
 C - a +0 hat (worn)
 F - a cursed +0 robe (worn)
 J - a +0 cloak (worn)
Magical devices
 y - a wand of polymorph (3)
 I - a wand of magic darts (3)
 L - a wand of paralysis (19) {unknown}
 N - a wand of polymorph (10)
Comestibles
 d - 5 bread rations
 f - a fruit
 i - 2 slices of pizza
 j - a royal jelly
 l - a beef jerky
 q - 2 meat rations
Scrolls
 g - 2 scrolls of remove curse {unknown}
 h - 4 scrolls of teleportation {unknown}
 m - 6 scrolls of identify {unknown}
 r - 2 scrolls of noise {unknown}
 t - 2 scrolls of enchant armour {unknown}
 u - 2 scrolls of fear {unknown}
 w - a scroll of enchant weapon {unknown}
 x - 2 scrolls of recharging {unknown}
 G - a scroll of magic mapping {unknown}
Jewellery
 A - an uncursed ring of ice
 B - a ring of magical power (left hand)
 D - an uncursed ring of positive energy
 K - a +3 ring of evasion (right hand)
Potions
 e - a potion of curing {unknown}
 k - 2 potions of agility {unknown}
 n - 3 potions of heal wounds {unknown}
 o - 3 potions of magic {unknown}
 p - a potion of mutation {unknown}
 s - 2 potions of resistance {unknown}
 z - a potion of brilliance {unknown}
 M - a potion of might {unknown}
 O - a potion of haste {unknown}
Books
 c - a book of Minor Magic

   Spells                             Type                      Level
   *Magic Dart                        Conjuration                  1
   *Blink                             Translocation                2
   Call Imp                           Summoning                    2
   *Repel Missiles                    Charms/Air                   2
   Slow                               Hexes                        2
   *Conjure Flame                     Conjuration/Fire             3
   *Mephitic Cloud                    Conjuration/Poison/Air       3
 H - a book of Death

   Spells                             Type                      Level
   Corpse Rot                         Necromancy                   2
   Sublimation of Blood               Necromancy                   2
   Agony                              Necromancy                   5
   Dispel Undead                      Necromancy                   5
   Excruciating Wounds                Charms/Necromancy            5
   Bolt of Draining                   Conjuration/Necromancy       5


   Skills:
 - Level 2.0 Dodging
 - Level 2.0 Stealth
 - Level 5.4 Spellcasting
 + Level 9.2 Conjurations
   Level 1.0 Summonings
 - Level 1.0 Translocations


You had 7 spell levels left.
You knew the following spells:

 Your Spells              Type           Power        Failure   Level  Hunger
a - Magic Dart            Conj           ####         1%          1    None
b - Conjure Flame         Conj/Fire      ####....     6%          3    ##.....
c - Mephitic Cloud        Conj/Pois/Air  ###.....     12%         3    ##.....
l - Blink                 Tloc           N/A          12%         2    None
r - Repel Missiles        Chrm/Air       #.....       17%         2    None


Dungeon Overview and Level Annotations

Branches:
Dungeon (5/15)             Temple (0/1) D:5

Altars:
Fedhas
Gozag
Okawaru
Qazlal
Xom
Yredelemnul

Shops:
D:5 ?


Message History

Confirm with . or Enter, or press ? or * to list all spells.
Aiming: Magic Dart
Press: ? - help, Shift-Dir - straight line, f/p - shadow imp
Aim: a shadow imp (severely wounded)
The magic dart hits the shadow imp.
You kill the shadow imp!
Casting: Magic Dart
Confirm with . or Enter, or press ? or * to list all spells.
You can't see any susceptible monsters within range! (Use Z to cast anyway.)
Casting: Magic Dart
Confirm with . or Enter, or press ? or * to list all spells.
You can't see any susceptible monsters within range! (Use Z to cast anyway.)
Casting: Magic Dart
Confirm with . or Enter, or press ? or * to list all spells.
You can't see any susceptible monsters within range! (Use Z to cast anyway.) HP restored.
Magic restored.
Done exploring.
Done exploring.
Are you sure you want to abandon this character and quit the game? (Confirm with "yes".)

...))%...###.#.#.##...###
# ##..##.### #.#.#.####.#
# ....##.#####.#.#.# #.#
# #...##.........#.# #.#
# .......%.........# #.#
# .............##### #.#
# P..######.#### #.# #
...# #.# ######.# P..#
#.# #@.....# ...# #.#
#.###### ...# #.# #.#
#### #.# #.# #.# #.#
####### #.# #.# #......
#.# #.# #.#####
#.######.# #.# #......#.#
#.#


There were no monsters in sight!

Vanquished Creatures
  Menkaure (D:4)
  An ice beast (D:5)
  A phantom (D:4)
  4 ogres
  A crimson imp (D:4)
  2 hounds
  Crazy Yiuf (D:3)
  2 orc priests
  9 orc wizards
  3 worker ants (D:4)
  Natasha (D:5)
  A worker ant zombie (D:4)
  5 adders
  3 gnolls
  A shadow imp (D:5)
  4 giant mites
  2 worms
  5 giant geckos
  2 oozes (D:2)
  23 orcs
  4 ball pythons
  9 bats
  2 giant cockroaches
  10 hobgoblins
  8 jackals
  10 kobolds
  A quokka (D:2)
  4 giant newts
  15 goblins
  11 rats
  2 fungi (D:3)
148 creatures vanquished.

Notes
Turn   | Place    | Note
--------------------------------------------------------------
     0 | D:1      | Kellhus, the Human Wizard, began the quest for the Orb.
     0 | D:1      | Reached XP level 1. HP: 13/13 MP: 4/4
   177 | D:1      | Reached XP level 2. HP: 19/19 MP: 0/6
   978 | D:1      | Reached XP level 3. HP: 13/24 MP: 0/7
  1193 | D:2      | Found an iron altar of Okawaru.
  1937 | D:2      | Reached XP level 4. HP: 30/30 MP: 0/9
  2885 | D:3      | Reached skill level 4 in Conjurations
  3283 | D:3      | Reached XP level 5. HP: 35/35 MP: 11/11
  3586 | D:3      | Learned a level 3 spell: Conjure Flame
  3590 | D:3      | Learned a level 3 spell: Mephitic Cloud
  3885 | D:3      | Noticed Crazy Yiuf
  3901 | D:3      | Killed Crazy Yiuf
  3901 | D:3      | Reached skill level 5 in Conjurations
  4076 | D:4      | Reached XP level 6. HP: 33/41 MP: 12/12
  4272 | D:4      | Reached skill level 6 in Conjurations
  4550 | D:4      | Noticed an ogre
  4577 | D:4      | Killed an ogre
  4577 | D:4      | Reached XP level 7. HP: 46/46 MP: 15/17
  4755 | D:4      | Found a blossoming altar of Fedhas.
  4759 | D:4      | Found a stormy altar of Qazlal.
  4764 | D:4      | Noticed Menkaure
  4772 | D:4      | Killed Menkaure
  4772 | D:4      | Reached skill level 5 in Spellcasting
  4983 | D:4      | Learned a level 2 spell: Blink
  4986 | D:4      | Learned a level 2 spell: Repel Missiles
  5161 | D:4      | Found a shimmering altar of Xom.
  5288 | D:4      | Found a basalt altar of Yredelemnul.
  5288 | D:4      | Found an opulent altar of Gozag.
  5356 | D:4      | Noticed an ogre
  5379 | D:4      | Killed an ogre
  5379 | D:4      | Reached XP level 8. HP: 3/52 MP: 10/20
  5575 | D:4      | Reached skill level 7 in Conjurations
  5871 | D:5      | Entered Level 5 of the Dungeon
  5945 | D:5      | Found Seveipp's Magic Scroll Boutique.
  5984 | D:5      | Reached skill level 8 in Conjurations
  6022 | D:5      | Found a staircase to the Ecumenical Temple.
  6292 | D:5      | Noticed Natasha
  6297 | D:5      | Killed Natasha
  6297 | D:5      | Reached skill level 9 in Conjurations
  6443 | D:5      | Reached XP level 9. HP: 42/57 MP: 16/21
  6537 | D:5      | Quit the game

Action                   |  1- 3 |  4- 6 |  7- 9 || total
-------------------------+-------+-------+-------++-------
Melee: Unarmed           |       |    32 |       ||    32
       Long sword        |       |    32 |    11 ||    43
 Fire: Blowgun           |       |     6 |       ||     6
 Cast: Magic Dart        |    87 |   154 |   203 ||   444
       Mephitic Cloud    |       |     4 |       ||     4
       Conjure Flame     |       |     1 |     2 ||     3
       Blink             |       |       |     1 ||     1
  Eat: Chunk             |     3 |     9 |     5 ||    17
